 Dungeon Crawl Stone Soup version 0.18-a0-1035-g72c9994 (webtiles) character file.

123 dvd the Shooter (level 4, -8/30 HPs)
             Began as a High Elf Hunter on Jan 9, 2016.
             Mangled by a gnoll
             ... wielding a +0 halberd
              (10 damage)
             ... on level 3 of the Dungeon.
             The game lasted 00:09:10 (2045 turns).

dvd the Shooter (High Elf Hunter)                   Turns: 2045, Time: 00:09:10

Health: -8/30      AC: 13    Str: 12    XL:     4   Next: 79%
Magic:  5/5        EV:  3    Int: 15    God:
Gold:   121        SH:  0    Dex: 15    Spells: 0 memorised, 3 levels left

rFire  . . .     SeeInvis +     b - +0 short sword
rCold  . . .     Gourm    .     g - +5 chain mail
rNeg   . . .     Faith    .     (no shield)
rPois  .         Spirit   .     (no helmet)
rElec  .         Dismiss  .     (no cloak)
rCorr  .         Reflect  .     (no gloves)
SustAt .         Harm     .     (no boots)
MR     .....                    (no amulet)
Stlth  ..........               j - ring of see invisible (curse)
                                h - -3 ring of evasion (curse)

@: not resistant to hostile enchantments, extremely unstealthy
A: no striking features
a: no special abilities


You were on level 3 of the Dungeon.
You were hungry.

You visited 1 branch of the dungeon, and saw 4 of its levels.

You collected 121 gold pieces.

Inventory:

Hand Weapons
 a - a +1 shortbow
 b - a +0 short sword (weapon)
Armour
 c - a +0 leather armour
 g - a +5 chain mail (worn)
Jewellery
 h - a cursed -3 ring of evasion (left hand)
 j - a cursed ring of see invisible (right hand)
Scrolls
 i - 3 scrolls of identify
 m - a scroll of magic mapping
Potions
 k - a potion of degeneration {unknown}
 n - a potion of flight {unknown}
 o - 2 potions of cure mutation
 q - 2 potions of curing
 s - a potion of lignification {unknown}
Comestibles
 f - 5 bread rations
 l - a slice of pizza
 r - a meat ration


   Skills:
 + Level 2.3 Fighting
 + Level 7.2 Bows
 + Level 1.6 Armour
 + Level 2.5 Dodging
 + Level 1.2 Stealth


You had 3 spell levels left.
You didn't know any spells.

Dungeon Overview and Level Annotations

Branches:
Dungeon (4/15)
 Temple: D:4-7

Altars:
Elyvilon


Message History

The hound is heavily wounded.
The hound bites you but does no damage. The hound bites you but does no damage.
The hound barely misses you.
There is a stone staircase leading up here.
The hound bites you.
* * * LOW HITPOINT WARNING * * *
You climb upwards.
The gnoll hits you but does no damage. The gnoll barely misses you.
The gnoll hits you but does no damage.
There is a stone staircase leading down here.
You hit the hound.
The hound is severely wounded.
The hound bites you but does no damage. The gnoll hits you with a club.
* * * LOW HITPOINT WARNING * * *
The hound bites you but does no damage. The hound bites you but does no damage.
The gnoll hits you but does no damage. x2
The hound barely misses you. The gnoll hits you but does no damage.
The gnoll hits you from afar with a halberd!
You die...

.# ####### #.# .# #.....# #.# .#
#.....# #.# .# #.....# #.# .#
#.....# #.# .# #.....# #.#
######### .#
#..).)######.####.......### .#
#.....#.g........[......... .#
#.....#g.h@...............#
.######.....#.####+####.......#.#
............[.................#..
#############.##..............##.
...#..............##.
...#.........########
....#.........# # ....#.........#
## .#+####### #.


You could see a hound and 2 gnolls.

Vanquished Creatures
  3 gnolls
  An adder (D:2)
  An ooze (D:1)
  A worm (D:2)
  6 giant geckos
  An orc (D:3)
  2 ball pythons
  3 bats
  2 giant cockroaches
  9 goblins
  10 hobgoblins
  9 jackals
  3 quokkas (D:2)
  4 giant newts
  6 kobolds
  6 rats
67 creatures vanquished.

Notes
Turn   | Place    | Note
--------------------------------------------------------------
     0 | D:1      | dvd the High Elf Hunter began the quest for the Orb.
     0 | D:1      | Reached XP level 1. HP: 14/14 MP: 2/2
   170 | D:1      | Reached XP level 2. HP: 17/19 MP: 3/3
   215 | D:1      | Reached skill level 6 in Bows
   453 | D:1      | Reached XP level 3. HP: 24/24 MP: 4/4
   889 | D:2      | Found a white marble altar of Elyvilon.
  1082 | D:2      | Reached skill level 1 in Armour
  1208 | D:2      | Reached XP level 4. HP: 24/29 MP: 5/5
  1796 | D:3      | Reached skill level 7 in Bows
  2045 | D:3      | Mangled by a gnoll

Vault maps used:
D:1:      minmay_arrival_stair_chambers, serial_glass, glass_columns_b,
          glass_columns_a, glass_columns_b, glass_columns_b, glass_columns_b,
          glass_columns_b, glass_columns_b, glass_columns_c, glass_columns_b,
          glass_columns_a, glass_columns_a, glass_columns_a, glass_columns_a,
          glass_columns_a
D:2:      elyvilon_altar_5, first_bread, hangedman_decor_clover_reticule
D:4:      overflow_temple_1_default, minmay_temple_entry_large_hall

Action                   |  1- 3 |  4- 6 || total
-------------------------+-------+-------++-------
Melee: Short sword       |    96 |    78 ||   174
 Fire: Shortbow          |    69 |    34 ||   103
  Use: Scroll            |     4 |     1 ||     5
       Potion            |     2 |     2 ||     4
  Eat: Chunk             |     1 |     2 ||     3
